 Dungeon Crawl Stone Soup version 0.28.0-53-g5a82cb258f (webtiles) character file.

Game seed: 17983591463735993354

1118 MisterFreud the Covert (level 8, -10/67 HPs)
             Began as a Gnoll Delver on June 1, 2022.
             Was a Priest of Dithmenos.
             Engulfed by a steam dragon's steam (11 damage)
             ... on level 7 of the Dungeon.
             The game lasted 00:07:00 (6937 turns).

MisterFreud the Covert (Gnoll Delver)               Turns: 6937, Time: 00:07:00

Health: -10/67     AC:  4    Str: 13    XL:     8   Next: 34%
Magic:  11/12      EV: 13    Int: 11    God:    Dithmenos [***...]
Gold:   294        SH:  0    Dex: 13    Spells: 13/13 levels left

rFire   . . .      SeeInvis .   a - +0 short sword
rCold   . . .      Faith    .   (no shield)
rNeg    . . .      Spirit   .   b - +0 leather armour
rPois   .          Reflect  .   (no helmet)
rElec   .          Harm     .   (no cloak)
rCorr   .          Rampage  .   h - +0 pair of gloves {infuse}
Will    .....                   (no boots)
Stlth   +++++.....              (no amulet)
HPRegen 0.21/turn               (no ring)
MPRegen 0.13/turn               (no ring)

@: wreathed by umbra
A: fangs 1, strong nose, distributed training
a: Renounce Religion, Shadow Step


You were on level 7 of the Dungeon.
You worshipped Dithmenos.
Dithmenos was most pleased with you.
You visited 1 branch of the dungeon, and saw 7 of its levels.

You collected 294 gold pieces.

Inventory:

Hand Weapons
 a - a +0 short sword (weapon)
 t - a +2 mace of venom
Missiles
 j - 6 javelins (quivered)
 l - 4 datura-tipped darts
 s - 6 poisoned darts
Armour
 b - a +0 leather armour (worn)
 h - a +0 pair of gloves of infusion (worn)
Jewellery
 r - a ring of magical power
Wands
 g - a wand of digging (3)
 x - a wand of paralysis (7)
Scrolls
 c - 3 scrolls of fog
 d - 2 scrolls of magic mapping
 e - a scroll of fear
 p - a scroll of teleportation
 w - 2 scrolls of identify
Potions
 f - 2 potions of haste
 i - a potion of magic
 k - 2 potions of mutation
 m - 2 potions of curing
 n - a potion of flight
 o - 2 potions of invisibility
 q - a potion of brilliance
 u - a potion of might {unknown}
 v - a potion of heal wounds {unknown}


   Skills:
 + Level 7.3 Fighting
 + Level 5.6 Short Blades
 + Level 3.2 Long Blades
 + Level 3.2 Axes
 + Level 3.2 Maces & Flails
 + Level 3.2 Polearms
 + Level 3.2 Staves
 + Level 3.2 Slings
 + Level 3.2 Bows
 + Level 3.2 Crossbows
 + Level 3.2 Throwing
 + Level 3.2 Armour
 + Level 5.6 Dodging
 + Level 10.1 Stealth
 + Level 3.2 Shields
 + Level 3.2 Unarmed Combat
 + Level 3.2 Spellcasting
 + Level 2.6 Conjurations
 + Level 2.6 Hexes
 + Level 2.6 Summonings
 + Level 2.6 Necromancy
 + Level 2.6 Translocations
 + Level 2.6 Transmutations
 + Level 2.6 Fire Magic
 + Level 2.6 Ice Magic
 + Level 2.6 Air Magic
 + Level 2.6 Earth Magic
 + Level 2.6 Poison Magic
 + Level 3.5 Invocations
 + Level 3.2 Evocations


You had 13 spell levels left.
You didn't know any spells.
Your spell library contained the following spells:

 Spells                   Type           Power      Damage    Failure   Level
 Inner Flame              Hex/Fire       7%         N/A       34%         3
 Cause Fear               Hex            3%         N/A       75%         4
 Discord                  Hex            3%         N/A       100%        8


Dungeon Overview and Level Annotations

Branches:
Dungeon (7/15)             Temple (0/1) D:7

Altars:
Dithmenos
Nemelex Xobeh

Shops:
D:3 (


Innate Abilities, Weirdness & Mutations

You have very sharp teeth.
Your uncanny sense of smell can sniff out nearby items.
Your experience applies equally to all skills.


Message History

The orc priest is lightly wounded.
The orc priest hits you but does no damage.
You barely miss the orc priest. Your bite misses the orc priest.
The orc priest is lightly wounded.
The orc priest closely misses you.
You puncture the orc priest!
The orc priest is severely wounded.
The orc priest hits you with a +0 dagger.
* * * LOW HITPOINT WARNING * * *
You puncture the orc priest!
You kill the orc priest!
Dithmenos accepts your kill.
You start resting.
Magic restored.
You start resting.
HP restored.
Found a staircase to the Ecumenical Temple.
There is a stone staircase leading down here.
An orc and 2 steam dragons come into view.
Found a book of Alchemy.
Found a robe.
The orc shouts!
The steam dragon hisses angrily.
You hit the steam dragon.
The steam dragon is lightly wounded.
The steam dragon bites you! The steam dragon closely misses you.
The steam dragon bites you. The steam dragon misses you.
You hit the steam dragon but do no damage.
You bite the steam dragon.
The steam dragon is lightly wounded.
The steam dragon bites you. The steam dragon closely misses you.
The steam dragon bites you! The steam dragon claws you.
The steam dragon breathes steam at you.
The ball of steam hits the steam dragon!
The steam dragon resists.
The ball of steam hits you!
* * * LOW HITPOINT WARNING * * *
The steam dragon breathes steam at you. The ball of steam hits you!
* * * LOW HITPOINT WARNING * * *
You are engulfed in a cloud of scalding steam.
You die...

#.# #...# #.# ## #...# #..
.# #...# #.##.### #...#
#......#### #######...
#####..#.#..... .......:.
#..§§§......... ........#
#..@§§.#.#...>.
........######§§#§§.........
......§)....DD..#...#####.##
......§.#######.#.#.#####
...#.#..# #.#.#.<...#
[.......# #.#.#.).###
...#.#..# #.#.#...#
........# #.#.#.###
.......## #.#.#.#


You could see 2 steam dragons.

Vanquished Creatures
  An orc warrior (D:6)
  2 ice beasts
  A necrophage (D:5)
  An ogre (D:4)
  A phantom (D:5)
  2 bullfrogs (D:6)
  An electric eel (D:6)
  2 hounds
  A centaur skeleton (D:4)
  An orc priest (D:7)
  A bullfrog skeleton (D:6)
  Natasha (twice) (D:2)
  An orc wizard (D:5)
  Terence (D:2)
  A killer bee zombie (D:6)
  7 adders
  2 ufetubi (D:5)
  An adder skeleton (D:4)
  19 orcs
  7 ball pythons
  6 endoplasms
  A giant cockroach (D:1)
  7 goblins
  2 hobgoblins (D:2)
  5 quokkas
  6 frilled lizards
  10 kobolds
  3 rats
95 creatures vanquished.

Vanquished Creatures (others)
  An orc (D:7)
  2 plants (D:6)
3 creatures vanquished.

Grand Total: 98 creatures vanquished

Notes
Turn   | Place    | Note
-------+----------+-------------------------------------------
     0 | D:5      | Reached skill level 9 in Stealth
     0 | D:5      | MisterFreud the Gnoll Delver began the quest for the Orb.
     0 | D:5      | Reached XP level 1. HP: 23/23 MP: 1/1
     1 | D:6      | Noticed an orc warrior
     1 | D:6      | Noticed an orc priest
     1 | D:6      | Noticed an orc priest
    26 | D:5      | Reached XP level 2. HP: 9/29 MP: 2/2
   368 | D:5      | HP: 1/29 [ufetubus (2)]
   900 | D:1      | Found a faded altar of an unknown god.
   909 | D:1      | Prayed at the altar of an unknown god.
   909 | D:1      | Became a worshipper of Dithmenos the Shadowed
   909 | D:1      | Reached * piety under Dithmenos
  1164 | D:1      | Reached XP level 3. HP: 35/35 MP: 3/3
  1790 | D:2      | Noticed Terence
  1793 | D:2      | Killed Terence
  1794 | D:2      | Reached skill level 1 in Long Blades
  1794 | D:2      | Reached skill level 1 in Axes
  1794 | D:2      | Reached skill level 1 in Maces & Flails
  1794 | D:2      | Reached skill level 1 in Polearms
  1794 | D:2      | Reached skill level 1 in Staves
  1794 | D:2      | Reached skill level 1 in Slings
  1794 | D:2      | Reached skill level 1 in Bows
  1794 | D:2      | Reached skill level 1 in Crossbows
  1794 | D:2      | Reached skill level 1 in Throwing
  1794 | D:2      | Reached skill level 1 in Armour
  1794 | D:2      | Reached skill level 1 in Shields
  1794 | D:2      | Reached skill level 1 in Unarmed Combat
  1794 | D:2      | Reached skill level 1 in Spellcasting
  1794 | D:2      | Reached skill level 1 in Invocations
  1794 | D:2      | Reached skill level 1 in Evocations
  1794 | D:2      | Reached XP level 4. HP: 41/41 MP: 5/5
  2093 | D:2      | Reached ** piety under Dithmenos
  2232 | D:2      | Reached skill level 1 in Conjurations
  2232 | D:2      | Reached skill level 1 in Hexes
  2232 | D:2      | Reached skill level 1 in Summonings
  2232 | D:2      | Reached skill level 1 in Necromancy
  2232 | D:2      | Reached skill level 1 in Translocations
  2232 | D:2      | Reached skill level 1 in Transmutations
  2232 | D:2      | Reached skill level 1 in Fire Magic
  2232 | D:2      | Reached skill level 1 in Ice Magic
  2232 | D:2      | Reached skill level 1 in Air Magic
  2232 | D:2      | Reached skill level 1 in Earth Magic
  2232 | D:2      | Reached skill level 1 in Poison Magic
  2284 | D:2      | Noticed Natasha
  2299 | D:2      | Killed Natasha
  2342 | D:2      | Noticed Natasha
  2357 | D:2      | Killed Natasha
  2358 | D:2      | Reached XP level 5. HP: 21/47 MP: 5/7
  2811 | D:3      | Found Rateivaa's Antique Weapon Boutique.
  3471 | D:3      | Found a sparkling altar of Nemelex Xobeh.
  3574 | D:3      | Identified a scroll of acquirement
  3574 | D:3      | Acquired a +0 pair of gloves of infusion
  3835 | D:4      | Noticed an ogre
  3844 | D:4      | Killed an ogre
  3845 | D:4      | Reached XP level 6. HP: 26/53 MP: 0/8
  4090 | D:4      | Reached skill level 5 in Short Blades
  4090 | D:4      | Reached skill level 5 in Dodging
  4874 | D:5      | Noticed an ice beast
  4881 | D:5      | Killed an ice beast
  4882 | D:5      | Reached XP level 7. HP: 60/60 MP: 8/10
  5456 | D:6      | Reached skill level 10 in Stealth
  6172 | D:6      | Reached *** piety under Dithmenos
  6173 | D:6      | Reached XP level 8. HP: 59/67 MP: 10/12
  6207 | D:6      | HP: 2/67 [ice beast (12)]
  6633 | D:6      | HP: 1/65 [orc warrior/+0 flail (17)]
  6911 | D:7      | Found a staircase to the Ecumenical Temple.
  6936 | D:7      | HP: 1/67 [steam dragon/ball of steam (16)]
  6937 | D:7      | Engulfed by a steam dragon's steam

Illustrated notes

Levels and vault maps discovered:
D:1:      erik_arrival_triangle_small, layout_loops_corners,
          hellmonk_ecumenical_altar_lost_god, columned_hall_lemuel
D:2:      layout_loops_ring, grunt_ministairs_11, uniq_terence, uniq_natasha
D:3:      layout_basic, nemelex_dance_club_becter, serial_shops, shop
D:4:      layout_loops_ring, chequers_serial_rivers_room_b, fountainhead
D:5:      layout_basic, corexii_item_surrounded_by_moat
D:6:      layout_loops_cross, kennysheep_orc_sif_temple, chequers_big_river
D:7:      layout_rooms, nicolae_gozag_cash_rules_everything_around_me,
          minmay_temple_entry_butterflies, serial_co_window_serial,
          co_window_paths_a, co_window_paths_b, co_window_paths_a,
          co_window_paths_b, co_window_paths_a, co_window_cross_1,
          co_window_2corner, co_window_broadway_b, co_window_broadway_a,
          co_window_4corner_a, glass_columns_a, glass_columns_a,
          glass_columns_a, glass_columns_a, chequers_serial_rivers_small_a,
          serial_park_tiny_2

Skill      XL: |  1  2  3  4  5  6  7  8 |
---------------+-------------------------+-----
Stealth        | 10 | 10.1
Long Blades    | 1 2 3 |  3.2
Axes           | 1 2 3 |  3.2
Maces & Flails | 1 2 3 |  3.2
Polearms       | 1 2 3 |  3.2
Staves         | 1 2 3 |  3.2
Slings         | 1 2 3 |  3.2
Bows           | 1 2 3 |  3.2
Crossbows      | 1 2 3 |  3.2
Throwing       | 1 2 3 |  3.2
Armour         | 1 2 3 |  3.2
Shields        | 1 2 3 |  3.2
Unarmed Combat | 1 2 3 |  3.2
Spellcasting   | 1 2 3 |  3.2
Invocations    | 1 2 3 |  3.5
Evocations     | 1 2 3 |  3.2
Conjurations   | 1 2 |  2.6
Hexes          | 1 2 |  2.6
Summonings     | 1 2 |  2.6
Necromancy     | 1 2 |  2.6
Translocations | 1 2 |  2.6
Transmutations | 1 2 |  2.6
Fire Magic     | 1 2 |  2.6
Ice Magic      | 1 2 |  2.6
Air Magic      | 1 2 |  2.6
Earth Magic    | 1 2 |  2.6
Poison Magic   | 1 2 |  2.6
Short Blades   | 5 |  5.6
Dodging        | 5 |  5.6
Fighting       | 7 |  7.3

Action                   |  1- 3 |  4- 6 |  7- 9 || total
-------------------------+-------+-------+-------++-------
Melee: Short sword       |    83 |   163 |    79 ||   325
       Bite              |     6 |    14 |     7 ||    27
       Punch             |     1 |     1 |     3 ||     5
Evoke: Wand              |       |       |     3 ||     3
  Use: Scroll            |     1 |    13 |     2 ||    16
       Potion            |       |       |     1 ||     1
 Stab: Sleeping          |     9 |    20 |     5 ||    34
       Distracted        |       |       |     1 ||     1
       Paralysed         |       |       |     1 ||     1
Armor: Leather armour    |    12 |     8 |     7 ||    27
Dodge: Dodged            |    69 |    78 |    43 ||   190
